Map: Kairos Junction LE

Players

Sonix

  • Race: Zerg Zerg
  • Spawn Location: 5:00

Ryosis - Winner!

  • Race: Zerg Zerg
  • Spawn Location: 11:00

Event: 2019 WCS Spring

VOD

Have the link to the VOD?

Description

Time

  • Played on: May 17, 2019, 8:43 a.m.
  • Length: 6:00

All games in this series

Show
View Real Time Build Order
Export as new Build Order

Sonix Zerg 

Build Orders: Hatch First 

Get SALT Encoding   

  12  0:01  Drone  
  13  0:14  Overlord  
  13  0:19  Drone  
  14  0:34  Drone x2  
  16  0:52  Drone  
  16  0:54  Hatchery  
  16  1:02  Drone  
  17  1:09  Spawning Pool  
  16  1:12  Drone  
  16  1:16  Extractor  
  16  1:20  Drone  
  16  1:24  Drone  
  18  1:30  Overlord  
  18  1:41  Drone  
  19  1:56  Queen  
  19  1:59  Drone  
  22  2:03  Roach Warren  
  22  2:04  Drone  
  22  2:08  Queen  
  24  2:16  Drone  
  24  2:19  Drone  
  26  2:26  Overlord, Drone  
  27  2:43  Roach x3  
  33  2:45  Roach  
  34  2:53  Drone  
  34  2:56  Roach  
  37  3:01  Roach  
  39  3:07  Roach x2  
  43  3:16  Overlord x2  
  43  3:36  Roach x3  
  43  3:37  Roach  
  51  3:42  Roach  
  51  3:48  Queen  
  50  4:09  Roach x2  
  54  4:10  Roach, Drone  
  54  4:11  Drone x4  
  47  4:20  Extractor, Drone x2  
  46  4:29  Drone x3  
  49  4:42  Drone x3  
  49  4:43  Drone  
  53  4:50  Lair  
  42  5:06  Drone x3  
  42  5:07  Drone x3  
  46  5:10  Drone  
  46  5:13  Drone  
  49  5:18  Drone x2  
  49  5:20  Drone  
  52  5:24  Drone  
  52  5:40  Drone x3  
  55  5:46  Extractor  
  46  5:59  Spire  
Show
View Real Time Build Order
Export as new Build Order

Ryosis Zerg - Winner!

Build Orders: Hatch First 

Get SALT Encoding   

  12  0:00  Drone  
  13  0:12  Overlord  
  13  0:17  Drone  
  14  0:30  Drone x2  
  16  0:48  Hatchery  
  15  0:51  Drone  
  15  0:55  Drone  
  17  0:58  Drone  
  18  1:12  Spawning Pool  
  18  1:14  Extractor  
  18  1:16  Drone  
  17  1:20  Drone  
  18  1:28  Drone  
  19  1:38  Drone  
  20  1:50  Overlord  
  20  1:58  Queen  
  20  2:00  Queen, Zergling x4  
  26  2:11  Zergling x4  
  26  2:15  Metabolic Boost  
  28  2:21  Drone  
  28  2:22  Drone  
  30  2:32  Drone  
  30  2:33  Drone  
  32  2:42  Hatchery  
  32  2:43  Drone  
  32  2:46  Drone  
  33  2:54  Baneling Nest  
  33  2:55  Overlord  
  32  2:59  Drone  
  32  3:04  Overlord  
  33  3:07  Drone  
  33  3:08  Drone  
  33  3:12  Drone  
  36  3:16  Drone x2  
  36  3:18  Drone  
  39  3:23  Zergling x4  
  39  3:26  Zergling x2  
  42  3:30  Zergling x2  
  43  3:38  Roach Warren  
  43  3:39  Spine Crawler  
  43  3:40  Spine Crawler  
  41  3:43  Spine Crawler  
  41  3:45  Zergling x2  
  41  3:46  Zergling x10  
  46  3:53  Overlord  
  46  3:55  Zergling x4  
  46  4:17  Roach  
  46  4:18  Roach x3  
  54  4:25  Overlord  
  54  4:26  Roach  
  54  4:27  Lair  
  54  4:29  Extractor, Queen  
  57  4:31  Roach  
  59  4:43  Overlord  
  58  4:45  Drone  
  58  4:46  Extractor  
  58  4:47  Extractor, Drone  
  58  4:53  Drone  
  58  4:59  Drone  
  60  5:02  Drone  
  60  5:03  Drone x2  
  60  5:04  Drone  
  64  5:16  Drone x2  
  66  5:22  Evolution Chamber, Drone  
  66  5:23  Hatchery  
  66  5:26  Drone  
  65  5:30  Drone x3  
  68  5:36  Spire  
  68  5:37  Drone  
  68  5:40  Drone  
  68  5:42  Drone  
Tags
 
Add a new tag
Caveats
  • Supply blocks, unpowered buildings, or Contaminate may cause inaccurate times.
  • Supply counts are checked every 10 seconds.